Unix NetHack Version 5.0.0-0 post-release - last build Jun 10 2026 00:39:30 (3ee93aec679c4c4259841fe613dc97188e26a321,branch:main).

Game began 2026-06-29 00:03:11, ended 2026-06-29 00:21:44.

DaveT, lawful male human Priest

                   -------
                   |..<..|
                   |.....|        $
                   |.....|
                  #-.....|
                  #-+-----                         $
            $     #                                             $
                `##                        $
               ##
        ##    ##            $
   ------%-####                                            $
   |....%@|#
   |.?.=%.'#
   |......|#
   |.......
   --------

                                                                        $

DaveT the Adept              St:18 Dx:11 Co:17 In:15 Wi:18 Ch:8  Lawful
Dlvl:6  $:1710 HP:0(53) Pw:79(79) AC:-3 Xp:6 T:4047 

Latest messages:
 You hear a wolf howling at the moon.
 You hear a wolf howling at the moon.
 You stop eating the red naga hatchling corpse.
 The werewolf changes into a human.
 The werewolf changes into a wolf.
 You miss the werewolf.
 The werewolf bites!
 You hit the werewolf!
 The werewolf bites!
 You hit the werewolf!
 The werewolf misses!
 You hit the werewolf!
 The werewolf misses!
 You kill the werewolf!
 There is a doorway here.
 You see here 2 tripe rations.
 You hit the giant rat!
 The giant rat misses!
 You kill the giant rat!
 There is a giant rat corpse here; eat it? [ynq] (n) y
 This giant rat corpse is stringy.
 You stop eating the giant rat corpse.
 You hit the gold golem!
 The gold golem hits!
 The gold golem misses!
 You hit the gold golem!
 You hit the gold golem!
 The gold golem hits!
 The gold golem hits again!
 You hit the gold golem.
 The gold golem hits!
 The gold golem misses!
 You miss the gold golem.
 The gold golem hits!
 The gold golem hits again!
 You miss the gold golem.
 The gold golem hits!
 The gold golem misses!
 You miss the gold golem.
 The gold golem hits!
 The gold golem hits again!
 You miss the gold golem.
 The gold golem hits!
 The gold golem hits again!
 You hit the gold golem!
 The gold golem hits!
 The gold golem hits again!
 You die...
 Do you want your possessions identified? [ynq] (y) y
 Do you want to see your attributes? [ynq] (y) q

Inventory:
 Coins    ('$')
  $ - 1710 gold pieces
 Amulets  ('"')
  s - an amulet of unchanging (being worn)
 Weapons  (')')
  j - a blessed very rusty +2 orcish dagger (at the ready)
  D - a +0 orcish dagger
  J - a +0 aklys
  a - a blessed +1 mace (weapon in right hand)
 Armor    ('[')
  B - a blessed +0 orcish helm
  c - a +0 small shield (being worn)
  Q - a +0 mummy wrapping
  b - a +0 robe (being worn)
  G - a +2 Hawaiian shirt with a hibiscus flower motif (being worn)
  v - a blessed +2 banded mail (being worn)
 Comestibles  ('%')
  e - a clove of garlic
  n - a food ration
  f - a sprig of wolfsbane
 Scrolls  ('?')
  p - a blessed scroll of blank paper
 Potions  ('!')
  d - 3 potions of holy water
  I - a potion of water
 Rings    ('=')
  o - a ring of stealth (on left hand)
 Tools    ('(')
  P - a tooled horn
  M - a blindfold
  i - a magic marker (0:21)
  O - an oil lamp
  K - a +0 pick-axe
  x - a skeleton key
 Gems/Stones  ('*')
  q - an agate stone
  t - a worthless piece of green glass

DaveT the Priest's attributes:

Background:
 You were an Adept, a level 6 human Priest.
 You were lawful, on a mission for Lugh
 who was opposed by Brigit (neutral) and Manannan Mac Lir (chaotic).
 You were right-handed.
 You were in the Dungeons of Doom, on level 6.
 You entered the dungeon 4047 turns ago.
 It was the midnight hour.
 There was a full moon in effect when your adventure ended.
 You had 567 experience points, 73 more were needed to attain level 7.

Basics:
 You had 0 out of 53 hit points.
 You had all 79 energy points (spell power).
 Your armor class was -3.
 Your wallet contained 1710 zorkmids.
 Autopickup was off.

Final Characteristics:
 Your strength was 18 (limit:18/100).
 Your dexterity was 11 (limit:18).
 Your constitution was 17 (limit:18).
 Your intelligence was 15 (limit:18).
 Your wisdom was 18 (limit:18).
 Your charisma was 8 (peak:11, limit:18).

Final Status:
 You weren't hungry.
 You were unencumbered.
 You were wielding a mace.
 You had basic skill with mace and could have enhanced that.

Final Attributes:
 You were piously aligned.
 You were stealthy.
 You were guarded.
 Your spell casting was impaired by metallic armor, mitigated by your robe.
 You couldn't change from your current form.
 You were lucky.
 You are dead.

Miscellaneous:
 You didn't encounter any bones levels.
 Total elapsed playing time was 18 minutes and 32 seconds.

Major events:
 Turn
    1: DaveT the lawful human Priest entered the dungeon
  697: attained the rank of Acolyte (level 3)
  985: entered the Gnomish Mines
 3288: attained the rank of Adept (level 6)
 4047: killed by a gold golem

Spells:
 Name                 Level Category     Fail Retention
 detect monsters        1   divination    31%  76%-100%
 light                  1   clerical      31%   71%-80%

Skills:
 Fighting Skills
   bare handed combat [Unskilled]
 Weapon Skills
   club               [Unskilled]
   mace               [Basic]
   morning star       [Unskilled]
   flail              [Unskilled]
   hammer             [Unskilled]
   quarterstaff       [Unskilled]
   polearms           [Unskilled]
   spear              [Unskilled]
   trident            [Unskilled]
   lance              [Unskilled]
   bow                [Unskilled]
   sling              [Unskilled]
   crossbow           [Unskilled]
   dart               [Unskilled]
   shuriken           [Unskilled]
   boomerang          [Unskilled]
   unicorn horn       [Unskilled]
 Spellcasting Skills
   healing spells     [Unskilled]
   divination spells  [Unskilled]
   clerical spells    [Basic]

Voluntary challenges:
 Character rerolling was not enabled.
 You never genocided any monsters.
 You never polymorphed an object.
 You never changed form.
 You used no wishes.
Achievements:
 You attained the rank of Acolyte.
 You entered the Gnomish Mines.
 You entered a shop.
 You attained the rank of Adept.

 The Dungeons of Doom: levels 1 to 6
    Level 1:
       Many altars, a fountain.
    Level 2:
       A sink.
    Level 3: "empty vault"
       A general store.
       Stairs down to The Gnomish Mines.
    Level 4:
       A tool shop, a fountain.
    Level 5:
       A scroll shop.
    Level 6: <- You were here.
       Final resting place for
          you, killed by a gold golem.
 The Gnomish Mines:
    Level 4:


Vanquished creatures:
  a water demon
  a small mimic
 an amorous demon
  a werewolf
  a plains centaur
 an orc shaman
  a kobold mummy
  a red naga hatchling
  a gray ooze
  2 little dogs
  a dwarf
  a kobold shaman
  a rothe
  2 giant bats
  a dwarf zombie
  a wererat
 an iguana
  2 coyotes
  2 manes
  a large kobold
  2 hobgoblins
  a giant rat
  2 green molds
  5 geckos
  4 jackals
  a fox
  2 kobolds
  4 goblins
  a sewer rat
  6 grid bugs
  2 bats
  3 lichens
  5 newts
62 creatures vanquished.

No species were genocided or became extinct.

Game over:
                       ----------
                      /          \
                     /    REST    \
                    /      IN      \
                   /     PEACE      \
                  /                  \
                  |      DaveT       |
                  |     1710 Au      |
                  | killed by a gold |
                  |      golem       |
                  |                  |
                  |                  |
                  |       2026       |
                 *|     *  *  *      | *
        _________)/\\_//(\/(/\)/\//\/|_)_______

Goodbye DaveT the Priest...

You died in The Dungeons of Doom on dungeon level 6 with 4107 points,
and 1710 pieces of gold, after 4047 moves.
You were level 6 with a maximum of 53 hit points when you died.

